 Dungeon Crawl Stone Soup version 0.18-a0-1721-gc4d1f22 (webtiles) character file.

107 Implojin the Insei (level 4, -2/35 HPs)
             Began as a Mummy Monk on Apr 9, 2016.
             Killed by divine providence
             ... invoked by an orc priest
              (14 damage)
             ... on level 3 of the Dungeon.
             The game lasted 00:05:14 (3314 turns).

Implojin the Insei (Mummy Monk)                     Turns: 3314, Time: 00:05:15

Health: -2/35      AC:  1    Str: 14    XL:     4   Next: 56%
Magic:  4/4        EV: 13    Int:  9    God:
Gold:   121        SH:  0    Dex: 15    Spells: 0 memorised, 3 levels left

rFire  x . .     SeeInvis .       - Unarmed
rCold  + . .     Gourm    .     (no armour)
rNeg   + + +     Faith    .     (no shield)
rPois  ∞         Spirit   .     (no helmet)
rElec  .         Dismiss  .     (no cloak)
rCorr  .         Reflect  .     m - +0 pair of gloves
SustAt .         Harm     .     (no boots)
MR     .....                    (no amulet)
Stlth  ++........               e - ring of positive energy
                                a - ring of wizardry

@: not resistant to hostile enchantments, unstealthy
A: no food or potions, fire vulnerability, cold resistance 1, negative energy
resistance 3, torment resistance, unbreathing
a: no special abilities


You were on level 3 of the Dungeon.
You were not hungry.

You visited 1 branch of the dungeon, and saw 4 of its levels.

You collected 121 gold pieces.

Inventory:

Armour
 m - a +0 pair of gloves (worn)
Magical Staves
 l - an uncursed staff of power {unknown}
Jewellery
 a - a ring of wizardry (left hand)
 e - a ring of positive energy (right hand)
Scrolls
 d - a scroll of identify
 f - a scroll of random uselessness
 g - a scroll of remove curse
 h - a scroll of magic mapping
 i - a scroll of teleportation
 j - a scroll of enchant weapon (quivered)
 k - a scroll of immolation {unknown}
Comestibles
 b - 3 bread rations
 c - 3 meat rations


   Skills:
 - Level 3.0 Fighting
 - Level 2.4 Dodging
 - Level 1.5 Stealth
 * Level 5.0 Unarmed Combat


You had 3 spell levels left.
You didn't know any spells.

Dungeon Overview and Level Annotations

Branches:
Dungeon (4/15)
 Temple: D:4-7

Altars:
Cheibriados

Annotations:
D:3 gressup's ghost, amateur GrCj
D:4 Blork the orc


Innate Abilities, Weirdness & Mutations

You do not eat or drink.
Your flesh is vulnerable to fire.
You are immune to poison.
Your flesh is cold resistant.
You are immune to negative energy.
You are immune to unholy pain and torment.
You can survive without breathing.


Message History

You hit the orc priest but do no damage.
You hit the orc priest.
The orc priest is lightly wounded.
The orc priest barely misses you.
Unknown command.
Unknown command.
You hit the orc priest but do no damage.
The orc priest is lightly wounded.
The orc priest closely misses you.
You barely miss the orc priest.
The orc priest is lightly wounded.
The orc priest hits you with a mace.
* * * LOW HITPOINT WARNING * * *
You barely miss the orc priest.
The orc priest is lightly wounded.
You hit the orc priest but do no damage.
The orc priest is lightly wounded.
The orc priest closely misses you.
You hit the orc priest but do no damage.
The orc priest is lightly wounded.
The orc priest completely misses you.
You closely miss the orc priest.
The orc priest is lightly wounded.
The orc priest misses you.
You barely miss the orc priest.
The orc priest is lightly wounded.
You hit the orc priest but do no damage.
The orc priest is lightly wounded.
The orc priest hits you with a mace.
* * * LOW HITPOINT WARNING * * *
You hit the orc priest.
The orc priest is heavily wounded.
The orc priest hits you with a mace.
* * * LOW HITPOINT WARNING * * *
You hit the orc priest but do no damage.
Your punch misses the orc priest.
The orc priest is heavily wounded.
The orc priest invokes the aid of Beogh against you.
Beogh smites you!
You die...

####..##..#######.###
#............#.......
#.##.........#..####.
#.###.###.#..#..####.
#.# #.# #.#....<.....
#.# #.. .........###+
#.##########'###
#.#o## .. ##. #..#@#
.._ #.###.# ##. #o.
## ..o ..... . #.##..
# .( ..# #..


You could see an orc priest.

Vanquished Creatures
  5 adders
  2 oozes
  A dart slug (D:1)
  2 giant geckos
  An orc (D:3)
  5 bats
  2 giant cockroaches
  10 goblins
  2 hobgoblins
  A ball python (D:2)
  5 giant newts
  8 kobolds
  4 rats
48 creatures vanquished.

Notes
Turn   | Place    | Note
--------------------------------------------------------------
     0 | D:1      | Implojin the Mummy Monk began the quest for the Orb.
     0 | D:1      | Reached XP level 1. HP: 18/18 MP: 1/1
   152 | D:1      | Reached XP level 2. HP: 14/24 MP: 2/2
   575 | D:1      | Reached skill level 4 in Unarmed Combat
   651 | D:1      | Reached XP level 3. HP: 24/29 MP: 3/3
  1976 | D:2      | Reached XP level 4. HP: 17/35 MP: 4/4
  2546 | D:3      | Noticed gressup's ghost (amateur GrCj)
  2632 | D:4      | Noticed Blork the orc
  2940 | D:3      | Reached skill level 5 in Unarmed Combat
  3259 | D:3      | Found a snail-covered altar of Cheibriados.
  3314 | D:3      | Killed from afar by an orc priest

Vault maps used:
D:1:      noname_arrival_rooms_in_the_neighbourhood
D:3:      lemuel_doored_altar
D:4:      corexii_shantytown, nicolae_tso_besieged_by_evil, temple_fountains,
          first_bread, uniq_pikel, uniq_blork_the_orc

Skill      XL: |  1  2  3  4 |
---------------+-------------+-----
Unarmed Combat | 4 5 |  5.0
Fighting       | |  3.0
Dodging        | |  2.4
Stealth        | |  1.5

Action                   |  1- 3 |  4- 6 || total
-------------------------+-------+-------++-------
Melee: Unarmed           |   124 |    72 ||   196
  Use: Scroll            |       |     5 ||     5
 Stab: Sleeping          |     4 |     1 ||     5
       Distracted        |     1 |       ||     1

Table legend:
 A = Turns spent in this place as a percentage of turns spent in the entire game.
 B = Non-inter-level travel turns spent in this place as a percentage of non-inter-level travel turns spent in the entire game.
 C = Inter-level travel turns spent in this place as a percentage of turns spent in this place.
 D = Turns resting spent in this place as a percentage of non-inter-level travel turns spent in this place.
 E = Turns spent auto-exploring this place as a percentage of non-inter-level travel turns spent in this place.
 F = Non-inter-level travel turns spent in this place divided by the number of levels of this place that you've seen.
                   A       B       C       D       E      F
               +-------+-------+-------+-------+-------+----------------------
         Total | 100.0 | 100.0 |   0.4 |   2.1 |   7.3 | 242.8
       Dungeon | 100.0 | 100.0 |   0.4 |   2.1 |   7.3 | 242.8
               +-------+-------+-------+-------+-------+----------------------

Table legend:
 A = Kills in this place as a percentage of kills in entire the game.
 B = Kills by you in this place as a percentage of kills by you in the entire game.
 C = Kills by friends in this place as a percentage of kills by friends in the entire game.
 D = Other kills in this place as a percentage of other kills in the entire game.
 E = Experience gained in this place as a percentage of experience gained in the entire game.
 F = Experience gained in this place divided by the number of levels of this place that you have seen.
                   A       B       C       D       E      F
               +-------+-------+-------+-------+-------+----------------------
         Total | 100.0 | 100.0 |  -nan |  -nan | 100.0 |  38.2
       Dungeon | 100.0 | 100.0 |  -nan |  -nan | 100.0 |  38.2
               +-------+-------+-------+-------+-------+----------------------
